 Dungeon Crawl Stone Soup version 0.21.1-1-g345015f (webtiles) character file.

86 sking99 the Cudgeler (level 4, -6/42 HPs)
             Began as a Naga Fighter on June 22, 2018.
             Mangled by an ogre
             ... wielding a +0 giant club
              (19 damage)
             ... on level 3 of the Dungeon.
             The game lasted 00:05:09 (2357 turns).

sking99 the Cudgeler (Naga Fighter)                 Turns: 2357, Time: 00:05:10

Health: -6/42      AC:  4    Str: 19    XL:     4   Next: 50%
Magic:  4/4        EV:  5    Int:  8    God:
Gold:   130        SH:  8    Dex: 11    Spells: 3/3 levels left

rFire    . . .     SeeInvis +   a - +0 flail
rCold    . . .     Gourm    .   c - +0 shield
rNeg     . . .     Faith    .   b - +0 scale mail
rPois    +         Spirit   .   (no helmet)
rElec    .         Reflect  .   (no cloak)
rCorr    .         Harm     .   (no gloves)
MR       .....                  (no barding)
Stlth    ..........             (no amulet)
HPRegen  0.14/turn              (no ring)
MPRegen  0.09/turn              (no ring)

@: very slow
A: large, see invisible, deformed body, poison resistance, slowness 2, slow
metabolism 1, spit poison 1, AC +1
a: Spit Poison


You were on level 3 of the Dungeon.
You were not hungry.

You visited 1 branch of the dungeon, and saw 3 of its levels.

You collected 130 gold pieces.

Inventory:

Hand Weapons
 a - a +0 flail (weapon)
Armour
 b - a +0 scale mail (worn)
 c - a +0 shield (worn)
Jewellery
 l - a +5 ring of dexterity {unknown}
Scrolls
 e - a scroll of random uselessness {unknown}
 h - a scroll of remove curse
 i - 2 scrolls of immolation
 j - a scroll of fog {unknown}
 p - a scroll of magic mapping {unknown}
 r - a scroll of teleportation {unknown}
Potions
 d - a potion of might
 g - a potion of agility {unknown}
 k - a potion of haste {unknown}
 m - 2 potions of flight {unknown}
 o - a potion of curing {unknown}
 q - a potion of magic {unknown}
Comestibles
 f - 4 rations
 n - a chunk of flesh


   Skills:
 - Level 3.0 Fighting
 + Level 4.6 Maces & Flails
 - Level 2.4 Armour
 - Level 2.4 Shields


You had 3 spell levels left.
You didn't know any spells.

Dungeon Overview and Level Annotations

Branches:
Dungeon (3/15)

Altars:
Trog


Innate Abilities, Weirdness & Mutations

You cannot wear boots.
Your serpentine skin is tough. (AC +1)
You have supernaturally acute eyesight. (SInv)
Armour fits poorly on your strangely shaped body.
Your system is resistant to poisons. (rPois)
You cover ground very slowly.
You have a slow metabolism.
You can spit poison.


Message History

The ogre is moderately wounded.
The ogre hits you but does no damage.
You hit the ogre but do no damage.
The ogre is moderately wounded.
The ogre hits you with a giant club!
You hit the ogre but do no damage.
The ogre is moderately wounded.
You have got your breath back.
You block the ogre's attack.
You hit the ogre.
The ogre is heavily wounded.
The ogre barely misses you. The ogre hits you with a giant club!
* * * LOW HITPOINT WARNING * * *
Okay, then.
As you read the scroll labeled MECWONT SEIRU, it crumbles to dust.
You feel blessed for a moment.
It was a scroll of remove curse.
As you read the scroll labeled PIMA XYKOMYERR, it crumbles to dust.
The creatures around you are filled with an inner flame!
It was a scroll of immolation.
The ogre hits you with a giant club!!
You die...

....##...## .##....##........###
...#####..###.....##.......#..#
......###...###...#..##.##....###
..#..............>...............
#.#...#####.......#.##..##..#..##
#.#...# ###.......##.####.##.#
..##### ##.#........# #.##.##
###### ####..#.O...#### #.##...
.....# ##.......@...# ####.####.
####.###..###.##....# ##.).......
# #..##.#....##....###........#.
# ##.##...####.........######...
#####.....## #.......##.# ###.
........### ##......###.# #.
####....### #....#.## #.# ##.
####.##...###......# #.#######..
##...####..##....### ##.##.......


You could see an ogre (inner flame).

Vanquished Creatures
  2 adders (D:3)
  An ooze (D:3)
  2 worms (D:2)
  2 dart slugs (D:2)
  A leopard gecko (D:2)
  A giant cockroach (D:2)
  4 goblins
  7 hobgoblins
  8 jackals
  6 kobolds
  3 ball pythons
  7 bats
  4 frilled lizards
  6 rats
54 creatures vanquished.

Notes
Turn   | Place    | Note
-------+----------+-------------------------------------------
     0 | D:1      | sking99 the Naga Fighter began the quest for the Orb.
     0 | D:1      | Reached XP level 1. HP: 21/21 MP: 1/1
   313 | D:1      | Reached XP level 2. HP: 20/28 MP: 2/2
   763 | D:1      | Reached skill level 3 in Maces & Flails
  1166 | D:2      | Reached XP level 3. HP: 34/34 MP: 3/3
  1197 | D:2      | Found a bloodstained altar of Trog.
  1573 | D:2      | Reached skill level 4 in Maces & Flails
  1817 | D:3      | Reached XP level 4. HP: 27/42 MP: 4/4
  2343 | D:3      | Noticed an ogre
  2357 | D:3      | Mangled by an ogre

Skill      XL: |  1  2  3 |
---------------+----------+-----
Maces & Flails | 3 4 |  4.6
Fighting       | |  3.0
Armour         | |  2.4
Shields        | |  2.4

Action                   |  1- 3 |  4- 6 || total
-------------------------+-------+-------++-------
Melee: Flail             |   133 |    26 ||   159
 Abil: Spit Poison       |     4 |     7 ||    11
  Use: Scroll            |       |     2 ||     2
  Eat: Chunk             |     2 |     2 ||     4
Armor: Scale mail        |    51 |     9 ||    60
Dodge: Dodged            |    27 |     8 ||    35
Block: Shield            |    55 |    17 ||    72
